 Dungeon Crawl Stone Soup version 0.29-a0-506-ga2e7fffb44 (webtiles) character file.

Game seed: 12867382717883396498

2079 kyalle the Grappler (level 9, -6/92 HPs)
             Began as a Troll Berserker on May 28, 2022.
             Was an Elder of Trog.
             Mangled by Prince Ribbit (9 damage)
             ... on level 7 of the Dungeon.
             The game lasted 00:19:28 (5297 turns).

kyalle the Grappler (Troll Berserker)               Turns: 5297, Time: 00:19:28

Health: -6/92      AC:  6    Str: 31    XL:     9   Next: 6%
Magic:  8/8        EV: 10    Int:  3    God:    Trog [****..]
Gold:   237        SH:  0    Dex:  9    Spells: 8/8 levels left

rFire   . . .      SeeInvis .     - Unarmed
rCold   . . .      Faith    .   (no shield)
rNeg    . . .      Spirit   .   a - +0 animal skin
rPois   .          Reflect  .   (helmet restricted)
rElec   .          Harm     .   w - +1 cloak
rCorr   .          Rampage  .   (gloves unavailable)
Will    ++...                   (boots unavailable)
Stlth   +.........              (no amulet)
HPRegen 2.05/turn               (no ring)
MPRegen 0.11/turn               (no ring)

@: lethally poisoned (-6 -> -7), strong-willed, regenerating
A: large, unfitting armour, claws 3, regeneration 1, shaggy fur 1, tough skin 1
a: Renounce Religion, Berserk, Trog's Hand, Brothers in Arms


You were on level 7 of the Dungeon.
You worshipped Trog.
Trog was greatly pleased with you.
You visited 1 branch of the dungeon, and saw 7 of its levels.
You also visited: Sewer.

You collected 257 gold pieces.
You spent 20 gold pieces at shops.

Inventory:

Missiles
 j - 2 throwing nets (quivered)
Armour
 a - a +0 animal skin (worn)
 p - a +0 helmet
 w - a +1 cloak (worn)
Jewellery
 l - an amulet of magic regeneration
 r - a ring of ice
 s - a +6 ring of dexterity
 y - a +4 ring of evasion
Wands
 e - a wand of flame (34)
 g - a wand of iceblast (7)
 q - a wand of polymorph (6)
 v - a wand of acid (11)
Scrolls
 f - a scroll of magic mapping
 n - a scroll of enchant weapon
 x - a scroll of teleportation
Potions
 b - 4 potions of might
 c - 2 potions of flight
 d - a potion of resistance
 h - 2 potions of magic
 i - a potion of invisibility
 k - 3 potions of curing
 m - a potion of degeneration {unknown}
 o - a potion of cancellation {unknown}
 z - a potion of mutation {unknown}
 A - a potion of heal wounds


   Skills:
 * Level 6.7 Fighting
 + Level 5.0 Dodging
 * Level 8.2 Unarmed Combat


You had 8 spell levels left.
You didn't know any spells.
Your spell library was empty.

Dungeon Overview and Level Annotations

Branches:
Dungeon (7/15)             Temple (0/1) D:6           Sewer (visited)

Altars:
Hepliaklqana
Nemelex Xobeh
Ru
Wu Jian
Beogh

Shops:
D:3 (([[=   D:4 *   D:6 *?

Annotations:
D:7 Prince Ribbit


Innate Abilities, Weirdness & Mutations

You are too large for most types of armour.
You have claws for hands.
Your natural rate of healing is unusually fast.
You are covered in fur. (AC +1)
You have tough skin. (AC +1)


Message History

Prince Ribbit blinks!
The water moccasin bites you.
You are more poisoned.
The water moccasin poisons you!
Things that are here:
a +0 flail; an orc corpse You barely miss the hound.
You feel very sick.
The water moccasin bites you but does no damage.
The hound bites you.
You mangle the hound!!
You kill the hound!
Trog accepts your kill.
You feel sick. The water moccasin barely misses you. Prince Ribbit hits you!
You closely miss Prince Ribbit.
Prince Ribbit is lightly wounded.
You feel very sick. The water moccasin bites you. Prince Ribbit hits you!
* * * LOW HITPOINT WARNING * * *
The water moccasin bites you.
* * * LOW HITPOINT WARNING * * *
You are more poisoned.
The water moccasin poisons you!
Your skin crawls.
You feel strong-willed.
You feel very sick. Prince Ribbit hits you!
* * * LOW HITPOINT WARNING * * *
The water moccasin bites you but does no damage.
You miss Prince Ribbit. Your claw misses Prince Ribbit.
Prince Ribbit is lightly wounded.
You feel very sick. Prince Ribbit closely misses you.
The water moccasin bites you but does no damage.
Prince Ribbit barely misses you.
You barely miss Prince Ribbit.
Prince Ribbit is lightly wounded.
* * * LOW HITPOINT WARNING * * *
You feel very sick. The water moccasin closely misses you.
Prince Ribbit hits you!
You die...

###.### ...... #....
##..._ # ....##
#.###.... #...#.#.### #
### #.....S...#.# #..
#.#...@F###.# #.#
##.####..###(#########.#
........................
........................
#######....#.#######.#..
##.....# #.#.#
###.#########.#<.
#.#......##.#.#
#.#.####.##.#..


You could see Prince Ribbit and a water moccasin.

Vanquished Creatures
  The ghost of om the Insei, a novice GnTm of Uskayaw (D:4)
  Eustachio (D:6)
  A water moccasin (D:5)
  Duvessa (D:6)
  An ice beast (D:7)
  An ogre (D:6)
  A phantom (D:3)
  2 necrophages
  2 scorpions (D:5)
  A wight (D:6)
  Dowan (D:6)
  2 jellies
  3 orc priests
  3 hounds
  Crazy Yiuf (D:5)
  A gnoll shaman (D:6)
  6 iguanas
  Terence (D:2)
  A hell rat (Sewer)
  2 orc wizards
  5 gnolls (D:6)
  A river rat (Sewer)
  14 adders
  A shadow imp (D:6)
  A white imp (D:6)
  An ufetubus (D:6)
  A worm (D:2)
  A dart slug (D:1)
  19 orcs
  3 ball pythons
  9 bats
  4 endoplasms
  A giant cockroach (D:3)
  7 goblins
  12 hobgoblins
  2 jackals (D:4)
  4 kobolds
  6 quokkas
  7 frilled lizards
  15 rats
147 creatures vanquished.

Vanquished Creatures (others)
  5 plants (D:6)
5 creatures vanquished.

Grand Total: 152 creatures vanquished

Notes
Turn   | Place    | Note
-------+----------+-------------------------------------------
     0 | D:1      | kyalle the Troll Berserker began the quest for the Orb.
     0 | D:1      | Reached XP level 1. HP: 22/22 MP: 0/0
   139 | D:1      | Reached XP level 2. HP: 29/29 MP: 1/1
   864 | D:2      | Noticed Terence
   875 | D:2      | Killed Terence
   876 | D:2      | Reached XP level 3. HP: 29/37 MP: 2/2
  1247 | D:2      | Reached XP level 4. HP: 44/45 MP: 3/3
  1414 | D:2      | Reached ** piety under Trog
  1434 | D:2      | Reached skill level 4 in Unarmed Combat
  1777 | D:3      | Found a glowing drain.
  1781 | Sewer    | Entered a sewer
  1849 | Sewer    | Reached XP level 5. HP: 38/53 MP: 4/4
  1913 | D:3      | Found Soomumm's Jewellery Emporium.
  1992 | D:3      | Found Zacsodiv's Antique Armour Shop.
  2025 | D:3      | Found Sestrinaw's Weapon Boutique.
  2121 | D:3      | Found Limas's Antique Weapon Shop.
  2220 | D:3      | Reached XP level 6. HP: 62/62 MP: 5/5
  2287 | D:3      | Reached *** piety under Trog
  2334 | D:3      | Found Ciditoon's Antique Armour Emporium.
  2342 | D:3      | Reached skill level 5 in Unarmed Combat
  2635 | D:4      | Found a runed translucent gate.
  2636 | D:4      | Noticed om's ghost (novice GnTm)
  2637 | D:4      | Found a runed translucent gate.
  2637 | D:4      | Identified the +7 whip of the Wilderness {flame, rPois rN+}
  2638 | D:4      | Found a runed translucent gate.
  2728 | D:4      | Killed om's ghost
  2729 | D:4      | Reached skill level 6 in Unarmed Combat
  2729 | D:4      | Reached XP level 7. HP: 50/71 MP: 6/6
  2819 | D:4      | Reached skill level 5 in Fighting
  2950 | D:4      | Found Qewi Jui's Fire Supplies.
  3056 | D:4      | Found a sacrificial altar of Ru.
  3139 | D:5      | Entered Level 5 of the Dungeon
  3419 | D:5      | Reached XP level 8. HP: 67/81 MP: 7/7
  3780 | D:5      | Reached **** piety under Trog
  3784 | D:5      | Reached skill level 7 in Unarmed Combat
  3896 | D:5      | Found an ornate altar of the Wu Jian Council.
  4067 | D:5      | Found a runed translucent door.
  4068 | D:5      | Noticed Crazy Yiuf
  4081 | D:5      | Killed Crazy Yiuf
  4153 | D:5      | Found a sparkling altar of Nemelex Xobeh.
  4200 | D:6      | Noticed Duvessa
  4200 | D:6      | Noticed Dowan
  4200 | D:6      | Found a staircase to the Ecumenical Temple.
  4209 | D:6      | Killed Duvessa
  4216 | D:6      | Killed Dowan
  4330 | D:6      | Noticed Eustachio
  4336 | D:6      | Killed Eustachio
  4409 | D:6      | Found Toavif's Tempting Trifles.
  4650 | D:6      | Found Kaniter's Magic Scroll Shop.
  4657 | D:6      | Bought a scroll of identify for 20 gold pieces
  5169 | D:7      | Reached skill level 8 in Unarmed Combat
  5215 | D:7      | Reached skill level 5 in Dodging
  5215 | D:7      | Reached XP level 9. HP: 77/92 MP: 8/8
  5279 | D:7      | Found a hazy altar of Hepliaklqana.
  5285 | D:7      | Noticed Prince Ribbit
  5297 | D:7      | HP: 3/92 [poisoned by a water moccasin]
  5297 | D:7      | Mangled by Prince Ribbit

Illustrated notes

Levels and vault maps discovered:
D:1:      lemuel_arrival_broad_hall, layout_basic, palyth_stone_intersect
D:2:      layout_loops_corners, minmay_quantized, uniq_terence
D:3:      layout_basic, serial_shops, shop, shop,
          nicolae_shop_bloodbath_and_beyond, nicolae_diamond_shop,
          nicolae_shop_waterfront, gup_sewer_entry_bowl,
          minmay_increasing_density
D:4:      layout_cave_pools, nicolae_ru_awakened_eye,
          biasface_ghost_orc_armoury, nicolae_shop_fire_sale
          [nicolae_sub_dead_trees], chequers_serial_rivers_marsh
D:5:      layout_basic, kennysheep_little_box, nzn_wu_jian_council_hall,
          kennysheep_path_1, uniq_crazy_yiuf_cottage
D:6:      layout_basic, minmay_temple_entry_overgrown, serial_shops,
          kennysheep_mini_moat, nicolae_alphabet_shops, st_stairs_12,
          hangedman_decor_slide_cut, minmay_statues_item, uniq_eustachio,
          uniq_duvessa
D:7:      layout_basic, overflow_temple_1_default, uniq_prince_ribbit1

Skill      XL: |  1  2  3  4  5  6  7  8 |
---------------+-------------------------+-----
Fighting       | 3 4 5 6 |  6.7
Unarmed Combat | 4 6 8 |  8.2
Dodging        | 3 4 5 |  5.0

Action                   |  1- 3 |  4- 6 |  7- 9 || total
-------------------------+-------+-------+-------++-------
Melee: Unarmed           |    68 |   170 |   142 ||   380
       Punch             |       |     1 |     5 ||     6
Invok: Trog's Hand       |       |       |     1 ||     1
  Use: Scroll            |       |     4 |    13 ||    17
 Stab: Distracted        |       |     1 |     1 ||     2
       Invisible         |       |       |     1 ||     1
Armor: Animal skin       |    19 |    45 |    33 ||    97
Dodge: Dodged            |    23 |    80 |    59 ||   162

Table legend: (Time is in decaauts)
 A = Elapsed time spent in this place.
 B = Non-inter-level travel time spent in this place.
 C = Inter-level travel time spent in this place.
 D = Time resting spent in this place.
 E = Time spent auto-exploring this place.
 F = Levels seen in this place.
 G = Mean time per level.
                   A        B        C        D        E       F      G
               +--------+--------+--------+--------+--------+-----+--------+
         Total |   5277 |   5110 |    167 |      2 |   3669 |   8 |  659.6 |
       Dungeon |   5156 |   4989 |    167 |      2 |   3634 |   7 |  736.6 |
         Sewer |    121 |    121 |      0 |      0 |     34 |   1 |  121.0 |
               +--------+--------+--------+--------+--------+-----+--------+

Top non-repeatable levels by time:
     D:5: 1044 daAuts
     D:6: 951 daAuts
     D:2: 935 daAuts
     D:1: 747 daAuts
     D:3: 710 daAuts
     D:4: 630 daAuts
     D:7: 136 daAuts
   Sewer: 121 daAuts
